 Dungeon Crawl Stone Soup version 0.19.1-1-g22dce08 (webtiles) character file.

1596 Gorglomux the Grappler (level 8, -1/74 HPs)
             Began as a Minotaur Monk on Jan 2, 2017.
             Was a Believer of Okawaru.
             Killed by divine providence
             ... invoked by an orc priest
              (9 damage)
             ... on level 6 of the Dungeon.
             The game lasted 00:10:32 (4812 turns).

Gorglomux the Grappler (Minotaur Monk)              Turns: 4812, Time: 00:10:32

Health: -1/74      AC:  4    Str: 17    XL:     8   Next: 62%
Magic:  9/9        EV: 13    Int:  7    God:    Okawaru [**....]
Gold:   334        SH:  0    Dex: 14    Spells: 0 memorised, 7 levels left

rFire  . . .     SeeInvis +       - Unarmed
rCold  . . .     Gourm    .     C - +0 leather armour
rNeg   . . .     Faith    .     (no shield)
rPois  .         Spirit   .     (helmet restricted)
rElec  .         Reflect  .     (no cloak)
rCorr  .         Harm     .     g - +0 pair of gloves
MR     .....                    (no boots)
Stlth  ++........               (no amulet)
                                (no ring)
                                h - ring of see invisible

@: no status effects
A: retaliatory headbutt, horns 2
a: Heroism, Renounce Religion


You were on level 6 of the Dungeon.
You worshipped Okawaru.
Okawaru was pleased with you.
You were not hungry.

You visited 2 branches of the dungeon, and saw 7 of its levels.

You collected 334 gold pieces.

Inventory:

Missiles
 f - 4 tomahawks (quivered)
Armour
 a - a +0 robe
 g - a +0 pair of gloves (worn)
 C - a +0 leather armour (worn)
Jewellery
 h - a ring of see invisible (left hand)
Scrolls
 d - a scroll of immolation {unknown}
 i - 2 scrolls of identify
 l - 2 scrolls of teleportation {unknown}
 n - 3 scrolls of remove curse
 p - a scroll of random uselessness {unknown}
 r - 3 scrolls of amnesia {unknown}
 u - a scroll of blinking {unknown}
 v - 2 scrolls of fear {unknown}
 w - 2 scrolls of enchant weapon {unknown}
 y - a scroll of recharging {unknown}
 z - a scroll of enchant armour {unknown}
Potions
 c - 2 potions of might {unknown}
 e - 3 potions of heal wounds
 j - a potion of cancellation {unknown}
 k - 3 potions of agility {unknown}
 m - a potion of ambrosia {unknown}
 o - a potion of cure mutation {unknown}
 A - a potion of flight {unknown}
 D - a potion of degeneration {unknown}
Books
 t - a book of Changes

   Spells                             Type                      Level
   a - Beastly Appendage              Transmutation                1
   b - Sticks to Snakes               Transmutation                2
   c - Spider Form                    Transmutation/Poison         3
   d - Ice Form                       Ice/Transmutation            4
   e - Blade Hands                    Transmutation                5
Comestibles
 b - 3 bread rations
 q - a beef jerky
 s - 2 slices of pizza
 x - 2 meat rations
 B - 5 chunks of flesh


   Skills:
 + Level 8.0 Fighting
 - Level 3.2 Dodging
 - Level 1.5 Stealth
 * Level 10.0 Unarmed Combat
 + Level 2.8 Invocations


You had 7 spell levels left.
You didn't know any spells.

Dungeon Overview and Level Annotations

Branches:
Dungeon (6/15)             Temple (1/1) D:5

Altars:
Ashenzari
Cheibriados
Hepliaklqana
Kikubaaqudgha
Nemelex Xobeh
Okawaru
Qazlal
Ru
The Shining One


Innate Abilities, Weirdness & Mutations

You reflexively headbutt those who attack you in melee.
You have a pair of horns on your head.


Message History

You headbutt the orc warrior, but do no damage.
The orc warrior is heavily wounded.
The orc hits you.
The orc warrior hits you with a broad axe!
You hit the orc warrior.
You headbutt the orc warrior, but do no damage.
The orc warrior is severely wounded.
The orc completely misses you. You furiously retaliate!
You headbutt the orc. You hit the orc warrior.
The orc warrior is almost dead.
The orc priest mumbles some strange prayers to Beogh against you.
Beogh smites you!
The orc warrior hits you with a broad axe!!
* * * LOW HITPOINT WARNING * * *
The orc misses you.
The orc priest miscasts a cantrip.
Found a leather armour.
The orc priest calls down the wrath of Beogh upon you.
Beogh smites you!
You die...

#.###.###.#.####...#
# .# #.#.####...# ##
#.#.......##
#.#.....รท.#
#.#.......#
#.#.......###
##.#.......'.#
#.........<#.#
###.@o...#.#
+......+.#
#...o..###
....####...## [....
+.o..# ..... #..o.#
.... ####o# ....
#####'#+#####
#....o......#


You could see an orc warrior, an orc priest and 3 orcs.

Vanquished Creatures
  The ghost of Adolfin the Nimble, a novice DsMo of Ru (D:6)
  An ice beast (D:4)
  A centaur (D:4)
  A phantom (D:4)
  A bullfrog (D:6)
  Blork the orc (D:4)
  A gnoll sergeant (D:4)
  A crimson imp (D:6)
  2 hounds
  The ghost of simples the Sneak, a weakling SpEn (D:3)
  4 orc priests
  2 jellies (D:5)
  A bullfrog skeleton (D:4)
  An iguana (D:5)
  Natasha (thrice) (D:2)
  An orc wizard (D:5)
  3 worker ants
  A hound skeleton (D:5)
  A worker ant zombie (D:5)
  5 gnolls
  5 adders
  4 worms
  A dart slug (D:1)
  A leopard gecko (D:2)
  27 orcs
  6 giant cockroaches
  6 goblins
  6 hobgoblins
  A quokka (D:5)
  3 ball pythons
  8 bats
  8 frilled lizards
  7 kobolds
  3 rats
119 creatures vanquished.

Notes
Turn   | Place    | Note
-------+----------+-------------------------------------------
     0 | D:1      | Gorglomux the Minotaur Monk began the quest for the Orb.
     0 | D:1      | Reached XP level 1. HP: 19/19 MP: 0/0
   525 | D:1      | Reached XP level 2. HP: 12/27 MP: 1/1
   896 | D:2      | Noticed Natasha
   899 | D:2      | Noticed a crimson imp
   903 | D:2      | Killed Natasha
   903 | D:2      | Reached skill level 4 in Unarmed Combat
   903 | D:2      | Reached XP level 3. HP: 25/33 MP: 2/2
  1093 | D:2      | Found a sacrificial altar of Ru.
  1120 | D:2      | Noticed Natasha
  1128 | D:2      | Killed Natasha
  1128 | D:2      | Reached XP level 4. HP: 23/41 MP: 3/3
  1139 | D:2      | Found an ancient bone altar of Kikubaaqudgha.
  1205 | D:2      | Reached skill level 5 in Unarmed Combat
  1277 | D:2      | Noticed Natasha
  1279 | D:2      | Killed Natasha
  1484 | D:2      | Reached skill level 5 in Fighting
  1543 | D:3      | Reached XP level 5. HP: 48/48 MP: 4/4
  1837 | D:3      | Noticed simples's ghost (weakling SpEn)
  1851 | D:3      | Killed simples's ghost
  2204 | D:4      | Reached skill level 6 in Unarmed Combat
  2575 | D:4      | Reached XP level 6. HP: 33/57 MP: 5/5
  2665 | D:4      | Reached skill level 7 in Unarmed Combat
  2893 | D:4      | Found a glowing golden altar of the Shining One.
  3008 | D:4      | Noticed Blork the orc
  3020 | D:4      | Killed Blork the orc
  3020 | D:4      | Reached XP level 7. HP: 46/64 MP: 6/6
  3395 | D:4      | Found a glowing golden altar of the Shining One.
  3395 | D:4      | Found a hazy altar of Hepliaklqana.
  3597 | D:4      | Reached skill level 8 in Unarmed Combat
  3810 | D:5      | Entered Level 5 of the Dungeon
  3938 | D:5      | Found a staircase to the Ecumenical Temple.
  3948 | Temple   | Entered the Ecumenical Temple
  3968 | Temple   | Became a worshipper of Warmaster Okawaru
  3968 | Temple   | Reached * piety under Okawaru
  3968 | Temple   | Reached ** piety under Okawaru
  4153 | D:4      | Reached XP level 8. HP: 39/73 MP: 4/7
  4237 | D:5      | Reached skill level 9 in Unarmed Combat
  4237 | D:5      | Reached skill level 1 in Invocations
  4672 | D:6      | Noticed Adolfin's ghost (novice DsMo)
  4689 | D:6      | Killed Adolfin's ghost
  4800 | D:6      | Reached skill level 10 in Unarmed Combat
  4812 | D:6      | Killed from afar by an orc priest

Skill      XL: |  1  2  3  4  5  6  7  8 |
---------------+-------------------------+-----
Fighting       | 4 5 6 7 8 |  8.0
Unarmed Combat | 4 5 6 7 8 10 | 10.0
Invocations    | 2 |  2.8
Dodging        | |  3.2
Stealth        | |  1.5

Action                   |  1- 3 |  4- 6 |  7- 9 || total
-------------------------+-------+-------+-------++-------
Melee: Unarmed           |    62 |   138 |   134 ||   334
       Headbutt          |    17 |    15 |    31 ||    63
       Punch             |     1 |     2 |     4 ||     7
Throw: Tomahawk          |       |       |     3 ||     3
Invok: Heroism           |       |       |     1 ||     1
  Use: Scroll            |       |       |     2 ||     2
 Stab: Sleeping          |     2 |     7 |       ||     9
  Eat: Chunk             |     1 |     6 |     5 ||    12
Armor: Robe              |     9 |    12 |    12 ||    33
       Leather armour    |       |       |     5 ||     5
Dodge: Dodged            |    41 |    78 |    81 ||   200
